 Dungeon Crawl Stone Soup version 0.18-a0-1730-g73f0523 (webtiles) character file.

335 4thArraOfDagon the Chopper (level 6, 0/84 HPs)
             Began as a Hill Orc Berserker on Apr 10, 2016.
             Was a Follower of Trog.
             Slain by a giant frog (2 damage)
             ... on level 8 of the Dungeon.
             The game lasted 00:02:30 (604 turns).

4thArraOfDagon the Chopper (Hill Orc Berserker)      Turns: 604, Time: 00:02:30

Health: 0/84       AC:  0    Str: 27    XL:     6   Next: 53%
Magic:  6/6        EV: 11    Int:  4    God:    Trog [*.....]
Gold:   25         SH:  0    Dex: 10    Spells: 0 memorised, 5 levels left

rFire  . . .     SeeInvis .     j - +0 war axe
rCold  . . .     Gourm    .     e - +0 ring mail
rNeg   . . .     Faith    .     (no shield)
rPois  .         Spirit   .     (no helmet)
rElec  .         Dismiss  .     (no cloak)
rCorr  .         Reflect  .     (no gloves)
SustAt .         Harm     .     f - +0 pair of boots
MR     .....                    m - amulet of inaccuracy (curse)
Stlth  ..........               i - -3 ring of intelligence (curse)
                                g - ring of stealth

@: berserking, corroded, very quick, not resistant to hostile enchantments,
extremely unstealthy
A: no striking features
a: Berserk, Burn Spellbooks, Renounce Religion


You were on level 8 of the Dungeon.
You worshipped Trog.
Trog was aware of your devotion.
You were very hungry.

You visited 1 branch of the dungeon, and saw 8 of its levels.

You collected 25 gold pieces.

Inventory:

Hand Weapons
 j - a +0 war axe (weapon)
Armour
 e - a +0 ring mail (worn)
 f - a +0 pair of boots (worn)
Jewellery
 g - a ring of stealth (left hand)
 i - a cursed -3 ring of intelligence (right hand)
 m - a cursed amulet of inaccuracy (around neck)
Scrolls
 a - a scroll of identify {unknown}
 b - 3 scrolls of teleportation {unknown}
 k - a scroll of enchant weapon {unknown}
Potions
 h - a potion of cure mutation {unknown}
Comestibles
 c - a bread ration
 d - 2 chunks of flesh
 l - a meat ration


   Skills:
 + Level 5.2 Fighting
 * Level 7.2 Axes
 + Level 4.0 Armour
 - Level 1.5 Dodging


You had 5 spell levels left.
You didn't know any spells.

Dungeon Overview and Level Annotations

Branches:
Dungeon (8/15)
 Temple: D:4-7         Lair: D:8-11

Altars:
Nemelex Xobeh
Sif Muna


Message History

The giant frog is almost dead.
The giant frog hits you.
* * * LOW HITPOINT WARNING * * *
Unknown command.
You miss the giant frog.
The giant frog is almost dead.
The giant frog barely misses you.
Unknown command.
Unknown command.
Unknown command.
You miss the giant frog.
The giant frog is almost dead.
The giant frog closely misses you.
Unknown command.
Unknown command.
Unknown command.
You closely miss the giant frog.
The giant frog is almost dead.
The giant frog hits you.
You die...

#######
#.....##
##.....#
##......##
##........#
##......)F##
#........@#
#.....<...#
##........#
#.....!.##
#......##
.........
..........#
###.......#
#.._..###


You could see a giant frog.

Vanquished Creatures
  A centaur (D:7)
  A giant frog (D:7)
  A scorpion (D:6)
  A howler monkey (D:5)
  2 jellies
  A worker ant (D:7)
  2 giant geckos
  An orc (D:8)
  A bat (D:1)
  2 giant cockroaches
  2 goblins
  4 jackals
  A ball python (D:2)
  A rat (D:1)
21 creatures vanquished.

Notes
Turn   | Place    | Note
--------------------------------------------------------------
     0 | D:1      | 4thArraOfDagon the Hill Orc Berserker began the quest for the Orb.
     0 | D:1      | Reached XP level 1. HP: 19/19 MP: 1/1
    72 | D:1      | Reached XP level 2. HP: 24/27 MP: 2/2
   311 | D:5      | Entered Level 5 of the Dungeon
   343 | D:6      | Noticed a scorpion
   358 | D:6      | Killed a scorpion
   358 | D:6      | Reached skill level 5 in Axes
   358 | D:6      | Reached XP level 3. HP: 26/33 MP: 3/3
   358 | D:6      | Reached XP level 4. HP: 32/40 MP: 4/4
   380 | D:6      | Found a sparkling altar of Nemelex Xobeh.
   414 | D:7      | Noticed a giant frog
   427 | D:7      | Killed a giant frog
   427 | D:7      | Reached skill level 6 in Axes
   427 | D:7      | Reached XP level 5. HP: 37/47 MP: 5/5
   439 | D:7      | Noticed a centaur
   470 | D:7      | Killed a centaur
   499 | D:5      | Reached skill level 5 in Fighting
   499 | D:5      | Reached XP level 6. HP: 35/56 MP: 6/6
   547 | D:7      | Reached skill level 7 in Axes
   548 | D:7      | Reached ** piety under Trog
   579 | D:8      | Found a deep blue altar of Sif Muna.
   601 | D:8      | HP: 1/84 [giant frog (5)]
   604 | D:8      | Slain by a giant frog

Vault maps used:
D:1:      nagdon_arrival_zigzag_paths
D:2:      serial_bayou_pond_a, columned_hall_lemuel
D:3:      lemuel_round_altar
D:4:      first_bread, serial_shops, kennysheep_little_box
D:5:      kennysheep_boxes
D:6:      nemelex_altar_shiori
D:7:      minmay_temple_entry_crystal_x
D:8:      grunt_temple_overflow_diamond, grunt_lair_entry_orc_guard_hut,
          basic_altar

Skill      XL: |  1  2  3  4  5  6 |
---------------+-------------------+-----
Fighting       | 4 5 |  5.2
Axes           | 5 6 7 |  7.2
Armour         | 3 4 |  4.0
Dodging        | |  1.5

Action                   |  1- 3 |  4- 6 || total
-------------------------+-------+-------++-------
Melee: Hand axe          |    29 |    17 ||    46
       War axe           |       |    13 ||    13
Invok: Berserk           |     2 |     4 ||     6
       Trog's Hand       |       |     1 ||     1
  Eat: Chunk             |       |     2 ||     2
       Beef jerky        |       |     1 ||     1
